cohdb
Replays
Latest Replays
All Replays
Popular Replays
Top Player Replays
Match Explorer
How It Works
Community
CoH3 Stats
Reddit
Sign in to upload your games and track your stats! →
Sign in with Steam
Match 36375311
Unlisted
Match 36375311
Overview
Messages
Build Orders
End
Construct Infanterie Kompanie
Selects Mechanized Battlegroup
Grenadier Squad
Grenadier Squad
GrW 34 Mortar Team
Construct Luftwaffe Kompanie
Flak 30 Anti-aircraft Gun Team
Medical Bunker
Selects Mobile Repair Stations
Medical Bunker
Support Elements
Jäger Squad
Wirbelwind Flakpanzer
Selects Wespe Self-propelled Artillery
Wespe Self-propelled Artillery
Medical Bunker
221 Scout Car
Wespe Self-propelled Artillery
Luftwaffe Officer Quarters
Selects Zeroing Artillery Barrage
Marder III M Tank Destroyer
Medical Bunker
Marder III M Tank Destroyer
Particycles
banksss33
Milliam
alphaelf
Yaas
Siz
0
0
Comments
sign in to comment!
No comments posted yet!